 Dungeon Crawl Stone Soup version 0.29-a0-91-gdebf4667c2 (webtiles) character file.

Game seed: 17109918811749613307

39 timneilson the Covered (level 3, -4/23 HPs)
             Began as a Gargoyle Fighter on Feb 8, 2022.
             Slain by Terence (7 damage)
             ... on level 2 of the Dungeon.
             The game lasted 00:01:24 (1558 turns).

timneilson the Covered (Gargoyle Fighter)           Turns: 1558, Time: 00:01:25

Health: -4/23      AC: 10    Str: 21    XL:     3   Next: 45%
Magic:  3/3        EV:  9    Int:  8    God:
Gold:   55         SH:  4    Dex:  9    Spells: 2/2 levels left

rFire   . . .      SeeInvis .   a - +0 long sword
rCold   . . .      Faith    .   c - +0 buckler
rNeg    + . .      Spirit   .   b - +0 scale mail
rPois   ∞          Reflect  .   (no helmet)
rElec   +          Harm     .   (no cloak)
rCorr   .          Rampage  .   (no gloves)
Will    .....                   (no boots)
Stlth   ..........              (no amulet)
HPRegen 0.07/turn               (no ring)
MPRegen 0.08/turn               (no ring)

@: no status effects
A: sickness immunity, AC +3, negative energy resistance 1, electricity
resistance, torment resistance 1, petrification resistance
a: no special abilities


You were on level 2 of the Dungeon.
You visited 1 branch of the dungeon, and saw 2 of its levels.

You collected 55 gold pieces.

Inventory:

Hand Weapons
 a - a +0 long sword (weapon)
Armour
 b - a +0 scale mail (worn)
 c - a +0 buckler (worn)
Scrolls
 e - a scroll of identify
 h - a scroll of teleportation {unknown}
Potions
 d - a potion of might
 f - a potion of invisibility
 g - a potion of brilliance {unknown}
 i - a potion of curing {unknown}


   Skills:
 + Level 3.4 Fighting
 * Level 2.3 Long Blades
 * Level 3.7 Armour
 + Level 0.3 Dodging
 * Level 3.7 Shields


You had 2 spell levels left.
You didn't know any spells.
Your spell library contained the following spells:

 Spells                   Type           Power      Damage    Failure   Level
 Apportation              Tloc           0%         N/A       83%         1
 Alistair's Intoxication  Tmut/Pois      0%         N/A       100%        5


Dungeon Overview and Level Annotations

Branches:
Dungeon (2/15)

Altars:

Annotations:
D:2 Terence


Innate Abilities, Weirdness & Mutations

You are immune to sickness and miasma.
Your stone body is resilient. (AC +3)
You are immune to poison.
You resist negative energy. (rN+)
You are resistant to electric shocks. (rElec)
You are resistant to unholy torment.
You are immune to petrification.


Message History

You kill the kobold!
g - an inky potion
Items here: ( ))) ††.
Okay, then.
HP restored.
You see here a hobgoblin skeleton.
You pick up a book of Party Tricks and begin reading...
You add the spells Apportation and Alistair's Intoxication to your library.
Found 26 stones.
h - a scroll labelled WEURAGAOLI
i - a green potion You see here 26 stones.
Found a faded altar of an unknown god.
Found a ring mail.
Found a stone staircase leading down.
Found 11 gold pieces.
You now have 44 gold pieces (gained 11).
A frilled lizard comes into view.
The frilled lizard hisses angrily.
You see here 11 gold pieces.
You now have 55 gold pieces (gained 11).
You barely miss the frilled lizard.
The frilled lizard bites you but does no damage.
You hit the frilled lizard.
You kill the frilled lizard!
You see here a frilled lizard corpse.
Terence the Incautious comes into view.
He is wielding a +0 flail.
Terence shouts!
Terence completely misses you.
You barely miss Terence. Terence hits you with a +0 flail!
Terence hits you with a +0 flail.
You completely miss Terence. Terence hits you with a +0 flail!
* * * LOW HITPOINT WARNING * * *
You hit Terence.
Terence is lightly wounded.
Terence misses you.
You slash Terence!
Terence is heavily wounded.
Terence hits you with a +0 flail!
You die...

#############
............#
###########†######
# #.#....# #
#.#.##.###### #
#.#.#.@.....#
#...#.@####.#
#####..# ...#
###.# ... .## .


You could see Terence.

Vanquished Creatures
  A gnoll (D:1)
  A dart slug (D:1)
  4 bats (D:1)
  An endoplasm (D:1)
  A giant cockroach (D:1)
  2 goblins (D:1)
  3 hobgoblins
  3 jackals (D:1)
  3 kobolds (D:2)
  A ball python (D:1)
  2 frilled lizards
  4 rats (D:1)
26 creatures vanquished.

Notes
Turn   | Place    | Note
-------+----------+-------------------------------------------
     0 | D:1      | timneilson the Gargoyle Fighter began the quest for the
                  | Orb.
     0 | D:1      | Reached XP level 1. HP: 14/14 MP: 1/1
    58 | D:1      | Reached XP level 2. HP: 15/19 MP: 2/2
   192 | D:1      | Reached XP level 3. HP: 2/23 MP: 3/3
   196 | D:1      | HP: 1/23 [hobgoblin (2)]
  1490 | D:2      | Found a faded altar of an unknown god.
  1552 | D:2      | Noticed Terence
  1558 | D:2      | Slain by Terence

Illustrated notes

Levels and vault maps discovered:
D:1:      kennysheep_arrival_seaside, layout_rooms, st_stairs_10, fountainhead
D:2:      layout_basic, hellmonk_ecumenical_altar_zigzags, uniq_jessica,
          uniq_terence

Skill      XL: |  1  2 |
---------------+-------+-----
Long Blades    | 2 |  2.3
Fighting       | |  3.4
Armour         | |  3.7
Dodging        | |  0.3
Shields        | |  3.7

Action                   || total
-------------------------++-------
Melee: Long sword        ||    85
  Use: Scroll            ||     1
Armor: Scale mail        ||    51
Dodge: Dodged            ||    50
Block: Buckler           ||    18

Table legend: (Time is in decaauts)
 A = Elapsed time spent in this place.
 B = Non-inter-level travel time spent in this place.
 C = Inter-level travel time spent in this place.
 D = Time resting spent in this place.
 E = Time spent auto-exploring this place.
 F = Levels seen in this place.
 G = Mean time per level.
                   A        B        C        D        E       F      G
               +--------+--------+--------+--------+--------+-----+--------+
         Total |   1591 |   1566 |     25 |      0 |   1330 |   2 |  795.5 |
       Dungeon |   1591 |   1566 |     25 |      0 |   1330 |   2 |  795.5 |
               +--------+--------+--------+--------+--------+-----+--------+

Top non-repeatable levels by time:
     D:1: 1140 daAuts
     D:2: 450 daAuts
